Cogmind - Beta 16 @@@ ROGUE MODE // 2025.11.21 @ 15:25:02 Player: Tape Result: Smashed by cave-in Performance ------------- Evolutions (8) 4000 Regions Visited (26) 5200 Robots Destroyed (378) 1890 Value Destroyed (13565) 13565 Prototype IDs (42) 840 Alien Tech Used (4) 800 Bonus (8392) 8392 TOTAL SCORE: 34687 Bonus ------- High Alert Combat Kills 796 Follower Combat Kills 2391 Network Hubs Disabled 600 Registered with UFD 300 Met Optimus in HQ 500 Met Zhirov 300 Met Warlord at Base 500 MAIN.C Attacked Warlord 500 Built Enhanced Grunts 300 A7 Reached Mainframe 300 Met R17 at Cetus 500 Met R17 at Research 2000 Friendly Fire -595 Cogmind --------- Core Integrity 0/1450 Matter 243/300 Energy 86/100 System Corruption 94% Temperature Cool (0) Movement Core (50) Location -2/Research Parts ------- > --- POWER (3) -------- (None) > --- PROPULSION (6) --- (None) > --- UTILITY (11) ----- (None) > --- WEAPON (3) ------- (None) > --- INVENTORY (5) ---- Experimental Energy Well (517) Dimensional Node Initializer Peak State ------------ > --- POWER ------------ Reinforced Antimatter Reactor Vortex Chain Reactor > --- PROPULSION ------- Centrium Heavy Treads Centrium Heavy Treads Centrium Heavy Treads > --- UTILITY ---------- Advanced Cooling System Huge Storage Unit Long-range Sensor Array Advanced Signal Interpreter Experimental Targeting Computer Experimental Core Analyzer Improved Armor Integrity Analyzer Advanced Weapon Cycler Improved Transmission Jammer Centrium Medium Armor Plating Improved Hacking Suite > --- WEAPON ----------- Enhanced Nova Cannon Advanced KE Penetrator Advanced KE Penetrator > --- INVENTORY -------- Improved Heavy Treads Experimental Energy Well Advanced Matter Compressor Long-range Terrain Scanner Makeshift Cloaking Device Graphene Brace Advanced Focal Shield Improved Force Field Advanced Point Defense System Mini Drone Bay Dimensional Node Initializer Transdimensional Reconstructor Compact HERF Cannon Nova Cannon Enhanced Nova Cannon Advanced KE Penetrator Advanced KE Penetrator Helical Railgun Helical Railgun Improved Grenade Launcher Advanced Remote Datajack Sigix Broadsword [Rating: 196] Favorites ----------- Power Improved Deuterium Engine Engine Improved Deuterium Engine Power Core Enhanced Fission Core Reactor Quantum Reactor Propulsion Light Treads Treads Light Treads Wheel Armored Huge Wheel Utility Huge Storage Unit Device Transmission Jammer Storage Huge Storage Unit Processor Advanced Targeting Computer Hackware Hacking Suite Protection Centrium Medium Armor Plating Weapon Advanced KE Penetrator Energy Gun Medium Laser Energy Cannon Matter Neutralizer Ballistic Gun Advanced KE Penetrator Ballistic Cannon Hardcell Cannon Launcher Improved Grenade Launcher Impact Weapon Heavy Hammer Slashing Weapon Sigix Broadsword Build | -11 -10 -10 -9 -9 -8 -8 -8 -8 -6 -6 -6 -6 -6 -5 -5 -5 -5 -4 -4 -4 -4 -4 -3 -3 -3 -2 ------- Run | Yrd Mat Min Mat Min Mat Sto Rec Scr Fac Ext Cet Arc Hub Fac Upp Upp Zhi Pro Fac Upp Upp War Pro Res Qua Res Slots Evolved 16 | . . . 2 . 2 . . . 4 . . . . 2 . . . . 2 . . . . 2 . 2 Power 2 | . . . . . . . . . 1 . . . . . . . . . . . . . . 1 . . Propulsion 4 | . . . 1 . . . . . 1 . . . . . . . . . 1 . . . . 1 . . Utility 9 | . . . 1 . 1 . . . 2 . . . . 2 . . . . 1 . . . . . . 2 Weapon 1 | . . . . . 1 . . . . . . . . . . . . . . . . . . . . . Parts Attached 212 | 7 6 6 24 2 27 15 5 4 9 17 9 . 3 7 3 . 6 2 3 4 1 10 5 14 5 18 Power 24 | . 2 1 5 . 1 . . . 2 6 1 . . 1 . . 1 . 1 . . 1 . 1 . 1 Engine 15 | . 2 1 5 . 1 . . . 1 5 . . . . . . . . . . . . . . . . Core 3 | . . . . . . . . . 1 1 . . . 1 . . . . . . . . . . . . Reactor 6 | . . . . . . . . . . . 1 . . . . . 1 . 1 . . 1 . 1 . 1 Propulsion 43 | 2 1 1 8 . 7 7 1 3 1 2 2 . . . . . . . . . . 1 1 2 . 4 Treads 39 | 2 1 . 6 . 7 7 1 2 1 2 2 . . . . . . . . . . 1 1 2 . 4 Leg . | . . . . . . . . . . . . . . . . . . . . . . . . . . . Wheel 4 | . . 1 2 . . . . 1 . . . . . . . . . . . . . . . . . . Hover . | . . . . . . . . . . . . . . . . . . . . . . . . . . . Flight . | . . . . . . . . . . . . . . . . . . . . . . . . . . . Utility 84 | 2 1 2 6 . 8 4 1 . 3 8 2 . 2 4 3 . 3 2 2 2 1 7 2 8 2 9 Device 40 | 1 . 1 . . . 2 . . 2 5 1 . 2 2 3 . 1 1 1 2 1 2 2 4 2 5 Storage 8 | 1 1 . 1 . 2 . . . . . . . . . . . 1 . 1 . . 1 . . . . Processor 14 | . . . 1 . . 2 . . 1 1 . . . 2 . . . . . . . 3 . 2 . 2 Hackware 4 | . . . . . . . . . . 1 . . . . . . . . . . . 1 . 2 . . Protection 18 | . . 1 4 . 6 . 1 . . 1 1 . . . . . 1 1 . . . . . . . 2 Artifact . | . . . . . . . . . . . . . . . . . . . . . . . . . . . Weapon 61 | 3 2 2 5 2 11 4 3 1 3 1 4 . 1 2 . . 2 . . 2 . 1 2 3 3 4 Energy Gun 4 | . 2 . . . . . . . . . 1 . . . . . . . . . . 1 . . . . Energy Cannon 8 | . . . . . . . . . . . . . . 1 . . 1 . . 1 . . . 2 1 2 Ballistic Gun 43 | 3 . 1 5 1 9 4 3 1 3 1 3 . 1 1 . . . . . 1 . . 2 1 2 1 Ballistic Cannon 1 | . . . . . . . . . . . . . . . . . 1 . . . . . . . . . Launcher 3 | . . . . 1 2 . . . . . . . . . . . . . . . . . . . . . Special Weapon . | . . . . . . . . . . . . . . . . . . . . . . . . . . . Impact Weapon 1 | . . 1 . . . . . . . . . . . . . . . . . . . . . . . . Slashing Weapon 1 | . . . . . . . . . . . . . . . . . . . . . . . . . . 1 Piercing Weapon . | . . . . . . . . . . . . . . . . . . . . . . . . . . . Special Melee Weapon . | . . . . . . . . . . . . . . . . . . . . . . . . . . . Unidentified Prototypes 32 | . . . 2 . 2 . . . . . 3 . 1 2 . . 5 . 1 . . 9 1 1 1 4 Corrupted Parts 4 | . . . . . . . . . . . . . . . . . . . . . . . 2 . . 2 System Corruption 13 | . . . . . . . . . . . . . . . . . . . . . . . 4 . . 9 Parts Lost 64 | . 5 1 8 . 9 1 1 . . 2 . . . 1 . . . . 1 . . . . 1 1 33 Power 7 | . 1 . 2 . . . . . . 1 . . . . . . . . . . . . . . . 3 Propulsion 19 | . 1 1 3 . 6 1 . . . . . . . . . . . . . . . . . . . 7 Utility 19 | . . . 1 . 1 . 1 . . 1 . . . . . . . . . . . . . 1 1 13 Weapon 19 | . 3 . 2 . 2 . . . . . . . . 1 . . . . 1 . . . . . . 10 Highest Loss Streak 8 | . 2 1 3 . 8 1 1 . . 1 . . . 1 . . . . 1 . . . . 1 1 8 To Critical Strikes . | . . . . . . . . . . . . . . . . . . . . . . . . . . . Average Backups 21 | 3 8 18 21 25 23 24 24 23 23 23 21 20 20 20 21 21 21 22 22 21 22 21 22 22 22 20 Power 1 | . 1 3 1 1 1 1 1 1 . 1 1 1 1 2 1 1 1 1 1 1 1 1 1 . . . Propulsion 4 | . 1 . 2 5 5 7 8 9 8 6 4 5 4 3 3 3 3 3 3 3 3 3 3 2 1 . Utility 8 | . 2 9 7 5 8 8 7 7 9 9 9 8 9 9 11 11 11 11 10 10 11 11 11 11 11 8 Weapon 7 | . 2 5 9 14 9 7 8 5 5 6 6 6 5 5 6 6 5 6 6 6 6 5 6 7 7 8 Tool/Special . | . . . . . . . . . . . . . . . . . . . . . . . . . . . Unused Backups 65 | . . . 9 1 13 5 1 2 3 6 7 . 3 3 2 1 1 1 1 . . . . 1 1 4 Power 6 | . . . 2 . 1 . . . . 1 . . . 1 . . 1 . . . . . . . . . Propulsion 22 | . . . . 1 1 5 . 2 2 4 4 . 1 1 . . . . . . . . . . 1 . Utility 19 | . . . 3 . 3 . . . 1 . 2 . 2 . 2 1 . 1 1 . . . . 1 . 2 Weapon 16 | . . . 4 . 8 . 1 . . 1 1 . . 1 . . . . . . . . . . . . Tool/Special 2 | . . . . . . . . . . . . . . . . . . . . . . . . . . 2 Average Slot Usage (%) 90 | . 99 99 96 100 96 99 97 95 89 92 87 86 86 87 88 88 71 88 81 84 84 81 84 80 80 72 Engine 6 | . 13 14 9 11 9 9 9 9 8 10 7 6 6 4 . . . . . . . . . . . . Reactor 3 | . . . . . . . . . . . 4 6 6 5 5 5 7 11 10 10 10 7 5 9 9 7 Treads 18 | . 28 21 25 33 26 26 27 20 12 13 8 13 13 11 11 11 11 11 10 10 10 10 15 14 14 11 Wheel 1 | . . 6 6 . . . . 3 6 6 4 . . . . . . . . . . . . . . . Device 11 | . 14 11 1 . . 7 9 9 16 14 13 13 13 11 14 17 17 16 18 15 20 15 15 19 16 16 Storage 7 | . 14 14 11 11 9 9 9 9 6 6 6 6 6 5 5 5 5 5 5 5 5 5 5 4 4 3 Processor 10 | . . . 10 11 9 9 9 9 6 5 6 6 6 16 17 17 17 17 15 15 15 15 15 14 14 12 Hackware 2 | . . . . . . . . . . 4 6 6 6 5 5 5 5 5 5 5 5 5 5 3 4 3 Protection 6 | . . 2 9 11 13 10 8 9 6 6 6 6 6 5 1 . . . . 5 . 4 5 . 2 3 Ballistic Gun 18 | . 20 23 21 22 26 26 24 21 20 20 19 20 20 15 16 17 . 17 14 12 11 11 14 10 11 7 Peak Build Rating 196 | 6 9 14 21 21 34 36 35 42 64 65 106 103 106 120 122 116 117 121 130 134 131 151 156 175 179 196 Average Rating 75 | 5 7 11 19 20 31 34 33 37 60 62 90 103 105 116 117 116 100 117 121 129 126 135 153 167 175 171 On Entrance 83 | . 6 9 14 21 20 32 35 25 42 64 62 103 103 106 120 116 116 117 117 124 125 125 151 153 175 178 Avg Prop Armor Cover (%) 11 | . . 12 11 . . . . 8 12 12 10 . . . . . . . . . . . . . . . Naked Turns 12 | . . . . . . . . . . . . . . . . . . . . . . . . . . 12 Heaviest Build 189 | 10 50 56 99 99 116 116 113 113 127 135 143 141 142 144 137 136 129 141 155 158 162 162 149 184 179 189 Greatest Support 240 | 40 40 40 60 60 60 62 62 65 28 40 160 160 160 160 160 160 160 160 160 160 160 187 187 240 230 240 Greatest Overweight (x) 53 | . 1 3 5 1 1 1 34 4 4 4 5 . . . . . . . . . 1 1 . 53 . 5 Average Overweight (x) . | . . 1 1 1 1 1 1 2 4 3 3 . . . . . . . . . . . . . . . Largest Inventory Capacity 25 | 8 20 20 25 25 25 25 25 25 25 25 25 25 25 25 25 25 25 25 25 25 25 25 25 25 25 25 Average Capacity 23 | 7 13 20 22 25 25 25 25 25 25 25 25 25 25 25 25 25 25 25 25 25 25 25 25 25 25 23 Most Carried 25 | 5 16 20 25 25 25 25 25 25 25 25 25 25 25 25 25 25 25 25 25 25 25 25 25 25 25 25 Average Carried 22 | 3 8 18 21 25 24 24 24 24 24 24 24 25 24 24 25 24 24 24 24 24 25 24 24 24 24 21 Final Capacity 25 | 8 20 20 25 25 25 25 25 25 25 25 25 25 25 25 25 25 25 25 25 25 25 25 25 25 25 5 Final Carried 25 | 4 16 19 25 25 25 25 25 25 25 25 25 25 25 25 25 25 25 25 25 25 25 25 25 25 25 2 Class Distribution -------------------- 40% | Scavenger-Tank 12% | Scavenger-Mutant 11% | Commander-Tank 11% | Mutant 10% | Scavenger-Gunner 4% | Scavenger-Skirmisher 4% | Commander-Mutant Dominant Class ---------------- Mutant | -10/Materials Mutant | -10/Mines Scavenger-Mutant | -9/Materials Scavenger-Mutant | -9/Mines Scavenger-Tank | -8/Materials Scavenger-Tank | -8/Storage Commander-Tank | -8/Recycling Commander-Mutant | -8/Scraptown Tank | -6/Factory Scavenger-Tank | -6/Extension Commander-Tank | -6/Cetus Commander-Tank | -6/Archives Scavenger-Tank | -6/Hub_04(d) Scavenger-Tank | -5/Factory Scavenger-Gunner | -5/Upper Caves Scavenger-Gunner | -5/Upper Caves Scavenger-Mutant | -5/Zhirov Scavenger-Gunner | -4/Proximity Caves Scavenger-Tank | -4/Factory Scavenger-Tank | -4/Upper Caves Scavenger-Tank | -4/Upper Caves Scavenger-Tank | -4/Warlord Scavenger-Tank | -3/Proximity Caves Scavenger-Skirmisher | -3/Research Scavenger-Tank | -3/Quarantine Scavenger-Tank | -2/Research Resources | -11 -10 -10 -9 -9 -8 -8 -8 -8 -6 -6 -6 -6 -6 -5 -5 -5 -5 -4 -4 -4 -4 -4 -3 -3 -3 -2 ----------- Run | Yrd Mat Min Mat Min Mat Sto Rec Scr Fac Ext Cet Arc Hub Fac Upp Upp Zhi Pro Fac Upp Upp War Pro Res Qua Res Matter Collected 12348 | 320 623 120 1319 156 1491 1250 199 80 68 953 281 108 238 657 139 341 110 239 366 337 313 246 53 193 674 1474 Remotely 342 | . . . . . . . . . . . . . . 151 . . . . . . . . . . 191 . Salvage Created 17521 | 143 891 192 2138 173 2436 2000 280 . 68 1617 121 148 483 1245 169 183 312 303 . 282 248 . . 211 982 2896 Parts 955 | 17 50 17 135 17 144 127 18 . 5 85 2 4 16 51 11 13 4 25 . 11 11 . . 12 61 119 Haulers Intercepted 24 | . 2 . 6 . 6 6 . . . . . . 1 2 . . . . . . . . . 1 . . Recyclers Shooed 17 | 1 4 . 2 . 2 2 1 . . 1 . . . 2 . . . . . . . . . . . 2 Parts Field Recycled . | . . . . . . . . . . . . . . . . . . . . . . . . . . . Retrieved Matter . | . . . . . . . . . . . . . . . . . . . . . . . . . . . Parts Self-Destructed 70 | . . . . . . . . . . . . . . . 10 24 2 25 . 4 5 . . . . . Prevented 9 | . . . . . . . . . . . . . . . . 2 1 . . . 6 . . . . . Parts Restored . | . . . . . . . . . . . . . . . . . . . . . . . . . . . Kills | -11 -10 -10 -9 -9 -8 -8 -8 -8 -6 -6 -6 -6 -6 -5 -5 -5 -5 -4 -4 -4 -4 -4 -3 -3 -3 -2 ------- Run | Yrd Mat Min Mat Min Mat Sto Rec Scr Fac Ext Cet Arc Hub Fac Upp Upp Zhi Pro Fac Upp Upp War Pro Res Qua Res Combat Hostiles Destroyed 256 | . 18 6 28 7 47 30 5 . 1 19 . 2 4 8 9 6 . 4 . 9 3 . . 2 12 36 Melee 1 | . . . 1 . . . . . . . . . . . . . . . . . . . . . . . Guns 197 | . 18 6 27 4 36 30 5 . 1 19 . 2 4 7 5 6 . 4 . 1 . . . . 8 14 Cannons 10 | . . . . . . . . . . . . . . . . . . . . . 2 . . 1 1 6 AOE 33 | . . . . 3 11 . . . . . . . . 1 4 . . . . 8 . . . . . 6 Classes Destroyed 25 | 3 4 3 1 1 5 1 1 . . 1 . . . . 1 . . 1 . . . . . . . 3 Worker 19 | 2 1 . 5 1 3 2 . . . . . . 2 . . . . . . . . . . . . 3 Builder 16 | . . 1 6 . 2 . . . . 2 . . 1 1 . . . . . . . . . . . 3 Tunneler 7 | 4 2 . . . 1 . . . . . . . . . . . . . . . . . . . . . Hauler 24 | . 2 . 6 . 6 6 . . . . . . 1 2 . . . . . . . . . 1 . . Recycler 19 | 1 3 . 4 . 2 2 1 . . 1 . . . 3 . . . . . . . . . . . 2 Minesweeper 1 | . . . . . . . . . . . . . . . . . . 1 . . . . . . . . Mechanic 2 | . . . . . 1 . . . . . . . . . . . . . . . . . . . . 1 Operator 4 | . . . 1 . . 1 . . . 2 . . . . . . . . . . . . . . . . Watcher 26 | . 2 . 4 . 5 2 . . . . 1 . 2 5 . . . . . . . . . . 3 2 Swarmer 59 | . 9 3 2 5 9 3 . . . . . . . . 9 5 . . . 9 . . . 1 . 4 Saboteur 1 | . . . . . . . . . . . . . . . . . . . . . . . . . . 1 Grunt 87 | . 9 . 16 1 21 14 . . . 5 . . 3 3 . . . 2 . . . . . . 2 11 Brawler 5 | . . . . 1 3 1 . . . . . . . . . . . . . . . . . . . . Duelist 3 | . . . . . 2 1 . . . . . . . . . . . . . . . . . . . . Protector 4 | . . . . . 1 2 1 . . . . . . . . . . . . . . . . . . . Sentry 45 | . . 2 10 . 8 8 1 . . 10 . 2 . 1 . . . . . . 1 . . . . 2 Specialist 4 | . . . . . 2 . . . . . . . . . . . . . . . . . . . . 2 Hunter 17 | . . . . . . 1 1 . 1 2 . . 1 . . . . . . . 2 . . 1 4 4 Programmer 25 | . . . . . . . 2 . . . . . . 4 . 1 . 2 . . . . . . 6 10 Heavy 1 | . . . . . 1 . . . . . . . . . . . . . . . . . . . . . Behemoth 1 | . . . . . . . . . . 1 . . . . . . . . . . . . . . . . Striker 1 | . . . . . . . . . . . . . . . . . . . . . . . . . . 1 Executioner 1 | . . . . . . . . . . . . . . . . . . . . . . . . . . 1 Packrat 1 | . . . . . . . . . . . . . . . . . . . . 1 . . . . . . Samaritan 3 | . . . . . . . . . . . . . . . 1 . . . . 2 . . . . . . Assembled 1 | . . 1 . . . . . . . . . . . . . . . . . . . . . . . . Thug 2 | . . . . . . . . . . 2 . . . . . . . . . . . . . . . . Butcher 2 | . . . . . . . . . . 1 . . 1 . . . . . . . . . . . . . Guerrilla 2 | . . . . . . . . . . . 2 . . . . . . . . . . . . . . . Best Kill Streak 13 | 3 5 3 10 4 6 8 3 . 1 4 1 1 3 7 5 1 . 2 . 5 2 . . 2 4 13 Combat Bots Only 9 | . 3 3 4 3 5 8 3 . 1 3 . 1 2 3 5 1 . 2 . 5 2 . . 2 4 9 Max Kills in Single Turn 3 | 1 2 1 2 2 2 1 2 . 1 3 1 1 3 2 2 1 . 1 . 3 1 . . 1 1 2 Gunslinging 1 | . 1 . . . 1 . . . . . . . . . 1 . . . . . . . . . . . Exploded 3 | . . . . 2 2 . . . . . . . . 1 2 . . . . 3 . . . . . 2 Melee 1 | . . . 1 . . . . . . . . . . . . . . . . . . . . . . . Uniques/NPCs Destroyed . | . . . . . . . . . . . . . . . . . . . . . . . . . . . Combat | -11 -10 -10 -9 -9 -8 -8 -8 -8 -6 -6 -6 -6 -6 -5 -5 -5 -5 -4 -4 -4 -4 -4 -3 -3 -3 -2 -------- Run | Yrd Mat Min Mat Min Mat Sto Rec Scr Fac Ext Cet Arc Hub Fac Upp Upp Zhi Pro Fac Upp Upp War Pro Res Qua Res Hostile Shots Fired 1580 | . 109 32 157 20 235 96 32 . 12 247 19 11 14 38 28 12 . 14 20 8 22 4 . 56 70 324 Missed 470 | . 25 10 47 9 67 25 8 . 4 95 7 3 3 10 5 4 . 6 9 4 14 1 . 14 16 84 Hits 1110 | . 84 22 110 11 168 71 24 . 8 152 12 8 11 28 23 8 . 8 11 4 8 3 . 42 54 240 Melee 11 | . . . . . 3 5 . . . . . . . . . . . . . . . . . . . 3 Projectile 1099 | . 84 22 110 11 165 66 24 . 8 152 12 8 11 28 23 8 . 8 11 4 8 3 . 42 54 237 Critical Strikes 48 | . . 1 7 1 4 5 2 . . 3 3 1 . . . 1 . 4 . . . . . 1 1 14 Actively Blocked 7 | . . . . . . . . . . . 3 . . . . . . . . . . . . . . 4 Part Disruptions 3 | . . . . . . . 1 . . . . . . . . . . . . . . . . . . 2 Damage Taken 20699 | . 894 267 1522 86 2866 892 329 . 96 1013 199 96 243 306 198 113 52 106 133 23 62 88 . 464 574 10077 Core 2343 | . 189 55 198 . 234 77 59 . . 84 28 12 27 10 8 13 . 10 . . . . . 11 52 1276 Absorbed by Shields 3553 | . . . . . . 184 24 . 24 668 204 97 234 251 149 22 . 65 83 26 67 55 . 354 377 669 Reduced by Siege Mode 584 | . . . . . . . . . . . . . . 3 . . . . . . 3 . . . 112 466 Ignored by Resistances 593 | . . . . . 27 131 9 . . . . . . . . . . . 36 6 23 . . . 100 261 Regen/Repaired (Parts) 1383 | . . . 274 . 282 180 . . . . . . . . . . . . . . . 47 . . . 600 Core Remaining (%) 69 | 100 . 2 . 50 . . . 32 . . . . 82 . . . . 95 . . . . 100 . 95 . Volleys Fired 1056 | 20 112 13 135 12 115 95 11 . 3 57 16 9 21 53 6 9 13 10 1 38 8 33 1 41 56 168 Largest 3 | 2 2 2 2 2 3 3 3 . 3 3 3 3 3 3 3 3 1 3 3 3 1 3 3 3 3 3 Hottest 240 | 40 70 45 48 46 69 76 78 . 76 89 240 80 85 93 93 93 81 93 93 105 81 175 108 183 186 214 Shots Fired 2184 | 40 216 26 271 23 303 269 32 . 9 171 44 27 55 115 15 28 13 30 3 49 8 37 3 47 92 258 Gun 1877 | 40 216 26 271 21 290 267 32 . 9 171 44 27 55 114 11 28 . 30 3 17 . 5 3 6 53 138 Cannon 274 | . . . . . . . . . . . . . . 1 . . 13 . . 28 8 32 . 41 39 112 Launcher 33 | . . . . 2 13 2 . . . . . . . . 4 . . . . 4 . . . . . 8 Special . | . . . . . . . . . . . . . . . . . . . . . . . . . . . Kinetic 1832 | 40 174 26 271 21 290 267 32 . 9 171 42 27 55 114 11 28 . 30 3 17 . 4 3 6 53 138 Thermal 233 | . 42 . . . . . . . . . 2 . . . . . . . . 28 . 32 . 34 21 74 Explosive 33 | . . . . 2 13 2 . . . . . . . . 4 . . . . 4 . . . . . 8 Electromagnetic 85 | . . . . . . . . . . . . . . 1 . . 13 . . . 8 . . 7 18 38 Entropic 1 | . . . . . . . . . . . . . . . . . . . . . . 1 . . . . Robot Hit Streak 38 | 5 12 9 31 10 22 37 9 . 4 38 3 6 9 19 3 8 14 15 7 7 15 . . 10 28 24 Robot Miss Streak 9 | 2 9 1 3 1 3 2 2 . 1 4 4 1 2 4 1 2 . 1 1 4 . 1 . 2 6 3 Penetration Max 2 | . . . . . . . . . . 2 1 . 1 1 . . . . . . . . . . 1 1 Secondary Targets 27 | . 2 . 1 . 8 4 1 . . 2 . . 2 1 2 . . . . . . . . . 2 2 Max Gunslinging Chain 1 | . 1 . 1 . 1 1 1 . . 1 . . 1 1 1 . . . . . . . . . 1 1 Shots Hit Robots 1364 | 23 126 20 209 15 223 208 20 . 7 117 19 15 33 67 6 14 13 19 2 12 8 . . 12 51 125 Core Hits 683 | 7 47 10 79 9 125 81 13 . 4 62 8 6 23 35 10 8 13 11 . 13 5 . . 4 23 87 Critical Kills 30 | . . . . . 1 1 . . . 12 . . 1 2 . 1 . 2 . . . . . . 4 6 Critical Parts Destroyed 41 | . . . 1 . . 1 . . . 12 . . 4 5 . . . 1 1 1 . . . . 4 11 Critical Strikes 76 | . 2 . 1 . 1 2 . . . 27 . . 5 7 . 1 . 3 1 1 . . . . 8 17 Burn 2 | . 2 . . . . . . . . . . . . . . . . . . . . . . . . . Meltdown 1 | . . . . . . . . . . . . . . . . . . . . . . . . . . 1 Destroy 73 | . . . 1 . 1 2 . . . 27 . . 5 7 . 1 . 3 1 1 . . . . 8 16 Melee Attacks 34 | . . 2 . . . . . . . . . . . . . . . . . . . . . . . 32 Impact 2 | . . 2 . . . . . . . . . . . . . . . . . . . . . . . . Slashing 32 | . . . . . . . . . . . . . . . . . . . . . . . . . . 32 Piercing . | . . . . . . . . . . . . . . . . . . . . . . . . . . . Sneak Attacks . | . . . . . . . . . . . . . . . . . . . . . . . . . . . Combat Hostiles . | . . . . . . . . . . . . . . . . . . . . . . . . . . . Follow-up Attacks . | . . . . . . . . . . . . . . . . . . . . . . . . . . . Damage Inflicted 33068 | 302 1633 287 3275 437 5290 3365 413 . 98 2105 480 284 1319 2349 645 357 325 445 43 958 274 27 . 387 1803 6167 Guns 23441 | 299 1583 278 3214 235 3494 3293 410 . 98 2105 480 284 834 1979 147 357 . 445 43 248 . . . 99 1279 2237 Cannons 3532 | . . . . . . . . . . . . . . 60 . . 173 . . . 274 27 . 288 524 2186 Explosions 5441 | . . . . 168 1718 . . . . . . . 429 168 480 . 152 . . 678 . . . . . 1648 Melee . | . . . . . . . . . . . . . . . . . . . . . . . . . . . Ramming 654 | 3 50 9 61 34 78 72 3 . . . . . 56 142 18 . . . . 32 . . . . . 96 Kinetic 23137 | 299 1279 278 3214 235 3494 3293 410 . 98 2105 480 284 834 1979 147 357 . 445 43 248 . . . 99 1279 2237 Thermal 1359 | . 304 . . . . . . . . . . . . 168 . . 152 . . . . 27 . 120 . 588 Explosive 4692 | . . . . 168 1718 . . . . . . . . . 480 . . . . 678 . . . . . 1648 Electromagnetic 3226 | . . . . . . . . . . . . . 429 60 . . 173 . . . 274 . . 168 524 1598 Impact . | . . . . . . . . . . . . . . . . . . . . . . . . . . . Slashing . | . . . . . . . . . . . . . . . . . . . . . . . . . . . Piercing . | . . . . . . . . . . . . . . . . . . . . . . . . . . . Highest Corruption 94 | . 2 2 4 4 2 2 4 . . . . . 2 2 2 3 3 4 . . . . 4 1 4 94 Average Corruption 3 | . 2 2 3 4 2 2 3 . . . . . 2 1 2 2 3 3 . . . . 3 1 2 21 Corruption Purged 7 | . . . . . . . . . . . . . . . . . . . . . . . . . . 7 Corruption Blocked . | . . . . . . . . . . . . . . . . . . . . . . . . . . . Effects 374 | . 6 18 39 36 38 36 36 . . . . . 1 9 15 24 5 15 . . . . . 5 31 60 Message Errors 100 | . 1 5 11 8 11 11 11 . . . . . . . 2 5 4 3 . . . . . 1 11 16 Matter Fused 83 | . 2 3 7 10 11 10 6 . . . . . 1 3 4 7 . 3 . . . . . 1 5 10 Heat Flow Errors 44 | . . 5 4 6 . 6 6 . . . . . . 2 . 2 1 1 . . . . . 1 4 6 Energy Discharges 39 | . 2 3 4 1 4 6 5 . . . . . . . 2 4 . 3 . . . . . 1 1 3 Parts Fused 5 | . . . . . 1 . . . . . . . . . 1 . . . . . . . . . . 3 Data Loss (minor) 42 | . . 1 8 9 5 . 1 . . . . . . . 3 2 . 2 . . . . . 1 5 5 Data Loss (major) 21 | . . . 2 1 2 1 3 . . . . . . . . 3 . 2 . . . . . . 3 4 Misfires 15 | . 1 . 2 1 . 1 . . . . . . . 1 3 1 . . . . . . . . 2 3 Alerts 9 | . . 1 . . 2 . 3 . . . . . . 2 . . . 1 . . . . . . . . Weapon Failures 16 | . . . 1 . 2 1 1 . . . . . . 1 . . . . . . . . . . . 10 Overload Shots 1 | . . . . . . . . . . . 1 . . . . . . . . . . . . . . . Overflow Damage 275 | . . . . 32 54 1 . . . . . . 10 36 13 . 32 . . 16 . . . . . 81 Projectiles 43 | . . . . . . . . . . . . . . . . . . . . . . . . . . 43 Explosions 187 | . . . . 32 54 . . . . . . . 10 36 . . 32 . . 13 . . . . . 10 Melee 45 | . . . . . . 1 . . . . . . . . 13 . . . . 3 . . . . . 28 Knockbacks 7 | . 1 . . . . 1 1 . . . . . 1 2 . . . . . . . . . . . 1 Impact 7 | . 1 . . . . 1 1 . . . . . 1 2 . . . . . . . . . . . 1 Kinetic . | . . . . . . . . . . . . . . . . . . . . . . . . . . . Secondary . | . . . . . . . . . . . . . . . . . . . . . . . . . . . Self-Inflicted Damage 261 | . . 2 16 . 44 . . . . . . . 101 . . . 53 . . . . . . . . 45 Shots 5 | . . . . . 1 . . . . . . . 1 . . . 1 . . . . . . . . 2 Rammed 51 | 1 8 2 5 4 5 5 1 . . . . . 3 8 1 . . . . 3 . . . . . 5 Targets Rammed 59 | 3 9 2 7 4 8 5 1 . . . . . 3 8 1 . . . . 3 . . . . . 5 Kicked . | . . . . . . . . . . . . . . . . . . . . . . . . . . . Crushed 8 | 2 1 . 2 . 3 . . . . . . . . . . . . . . . . . . . . . Highest Temperature 432 | . 84 229 285 284 173 318 232 . 63 317 260 163 257 377 84 274 156 104 16 140 20 36 . 256 249 432 Average Temperature 66 | . 21 69 50 108 33 75 68 . 33 84 68 57 82 141 42 65 43 25 12 55 9 12 . 46 76 85 Received Heat Transfer 3081 | . 369 75 708 6 819 353 23 . . 214 10 17 26 23 . . . 5 22 . 8 21 . 36 4 342 Effects 9 | . . 1 . . . 1 . . . . . . . 1 . . . . . . . . . . 1 5 Shutdowns 2 | . . . . . . . . . . . . . . 1 . . . . . . . . . . . 1 Energy Bleed 1 | . . 1 . . . . . . . . . . . . . . . . . . . . . . . . Interference 1 | . . . . . . . . . . . . . . . . . . . . . . . . . 1 . Matter Decay 1 | . . . . . . 1 . . . . . . . . . . . . . . . . . . . . Damage (major) 4 | . . . . . . . . . . . . . . . . . . . . . . . . . . 4 Siege Activations 19 | . . . . . . . . . . . . . . 2 . . . 2 . . 1 . . . 5 9 Total Turns 239 | . . . . . . . . . . . . . . 16 . . . 9 . . 10 . . . 64 140 Longest Duration 44 | . . . . . . . . . . . . . . 10 . . . 6 . . 10 . . . 28 44 Martial Activations . | . . . . . . . . . . . . . . . . . . . . . . . . . . . Shielding Activations . | . . . . . . . . . . . . . . . . . . . . . . . . . . . Robots Disrupted . | . . . . . . . . . . . . . . . . . . . . . . . . . . . Combat Hostiles . | . . . . . . . . . . . . . . . . . . . . . . . . . . . Robots Corrupted 17 | . . . . . . 1 . . . . . . . . 1 . . . . 1 1 . . 1 3 9 Combat Hostiles 14 | . . . . . . . . . . . . . . . . . . . . . 1 . . 1 3 9 Parts Fried 38 | . . . . . . 2 . . . . 1 . 1 1 3 . . . . 1 1 . . 2 5 21 Impact Corruptions 7 | . . . . . . 1 . . . . . . . . 3 . . . . 2 . . . . . 1 Robots Melted 1 | . . . . . . . . . . . . . . . . . . . . . . . . . . 1 Combat Hostiles 1 | . . . . . . . . . . . . . . . . . . . . . . . . . . 1 Parts Melted 3 | . 2 . 1 . . . . . . . . . . . . . . . . . . . . . . . Heat Transferred 1688 | . 952 . . . . . . . . . . . . 100 . . 62 . . . . 19 . 111 . 444 Parts Sabotaged . | . . . . . . . . . . . . . . . . . . . . . . . . . . . Parts Stolen . | . . . . . . . . . . . . . . . . . . . . . . . . . . . Parts Stripped . | . . . . . . . . . . . . . . . . . . . . . . . . . . . Power Chain Reactions 2 | . . . . . . . . . . . . . 1 . . . 1 . . . . . . . . . Alert | -11 -10 -10 -9 -9 -8 -8 -8 -8 -6 -6 -6 -6 -6 -5 -5 -5 -5 -4 -4 -4 -4 -4 -3 -3 -3 -2 ------- Run | Yrd Mat Min Mat Min Mat Sto Rec Scr Fac Ext Cet Arc Hub Fac Upp Upp Zhi Pro Fac Upp Upp War Pro Res Qua Res Maximum Alert Level 3 | . . . 1 . 2 1 . . . 2 1 . 3 3 . . . . . . . . . . . 3 Low Security (%) 72 | 100 100 100 38 100 35 98 100 . 100 86 . 100 44 . . . . . 100 . . . . 100 100 45 Level 1 16 | . . . 61 . 39 1 . . . 8 100 . 24 24 . . . . . . . . . . . 9 Level 2 7 | . . . . . 24 . . . . 5 . . 6 45 . . . . . . . . . . . 28 Level 3 3 | . . . . . . . . . . . . . 25 29 . . . . . . . . . . . 16 Level 4 . | . . . . . . . . . . . . . . . . . . . . . . . . . . . Level 5 . | . . . . . . . . . . . . . . . . . . . . . . . . . . . High Security . | . . . . . . . . . . . . . . . . . . . . . . . . . . . Max Security . | . . . . . . . . . . . . . . . . . . . . . . . . . . . Peak Influence 989 | 10 194 72 315 123 648 223 185 . 30 543 389 120 989 762 . . . . 28 . . . . 35 193 801 Initial 481 | . . 72 . 95 . 104 52 . . . 298 120 4 481 . . . . . . . . . . . 59 Average 153 | . 47 11 186 26 277 112 62 . 2 106 321 51 332 539 . . . . 1 . . . . 3 68 337 Influence Increases 11541 | 35 656 118 971 195 1477 997 532 . 46 1215 353 175 1445 673 200 130 15 95 28 200 70 22 . 131 465 1297 Destroy 0b10 Robot/C 5960 | . 360 100 560 140 920 560 200 . 20 600 160 80 460 160 180 120 . 80 . 180 60 20 . 40 240 720 Destroy 0b10 Robot/NC 695 | 35 50 5 130 5 105 75 25 . . 65 10 . 40 55 . . 15 5 . . . . . 5 15 55 Destroy Leader 1212 | . 88 10 170 30 232 156 . . 10 62 . . 138 54 20 10 . 10 . 20 10 . . 2 56 134 Allied During Kill 1346 | . . . . . . . 165 . . 413 170 80 516 . . . . . . . . 2 . . . . Successful Hack 304 | . 20 . 24 . 41 24 22 . 16 47 . . . 39 . . . . 28 . . . . . 21 22 Select Force Hacks 380 | . 60 . 60 . 30 60 120 . . . . . 50 . . . . . . . . . . . . . Disable Machine 555 | . . . 15 . 15 45 . . . 15 . 15 120 150 . . . . . . . . . 15 105 60 Destroy Structure 729 | . 3 3 12 20 89 32 . . . 13 13 . 121 170 . . . . . . . . . 54 28 171 Partial Spotted 60 | . 15 . . . . . . . . . . . . 30 . . . . . . . . . . . 15 Lose Combat Pursuer 300 | . 60 . . . 45 45 . . . . . . . 15 . . . . . . . . . 15 . 120 Influence Decreases 11031 | 35 470 302 727 441 1229 1111 643 23 46 682 585 463 475 916 666 390 29 95 28 154 116 22 . 131 359 893 Entered New Map 1841 | . . 114 2 151 . 144 82 23 . . 235 181 9 502 274 53 14 . . . 10 . . . . 47 Time Decay 7262 | 35 420 188 655 290 689 683 534 . 46 376 270 222 351 404 392 337 15 95 28 154 106 . . 131 354 487 Lost Part 592 | . 50 . 70 . 90 10 7 . . 20 . . . 10 . . . . . . . . . . 5 330 Lost Ally 447 | . . . . . . 30 20 . . 120 80 60 115 . . . . . . . . 22 . . . . Purge Threat 889 | . . . . . 450 244 . . . 166 . . . . . . . . . . . . . . . 29 Squads Dispatched 60 | . 6 1 3 . 7 7 . . 2 4 . . 8 4 . . . . 1 . . . . 3 5 9 Investigation 22 | . 4 1 2 . 2 3 . . . 3 . . 4 . . . . . . . . . . 3 . . Extermination 13 | . . . . . . . . . 1 . . . 1 3 . . . . . . . . . . 3 5 Reinforcement 20 | . 2 . 1 . 3 2 . . 1 1 . . 3 . . . . . 1 . . . . . 2 4 Assault 5 | . . . . . 2 2 . . . . . . . 1 . . . . . . . . . . . . Garrison . | . . . . . . . . . . . . . . . . . . . . . . . . . . . Intercept . | . . . . . . . . . . . . . . . . . . . . . . . . . . . Searches Triggered . | . . . . . . . . . . . . . . . . . . . . . . . . . . . Construction Impeded 2 | . . . . . . . . . . 1 . . . . . . . . . . . . . . . 1 Haulers Reinforced 1 | . . . . . . . . . . . . . 1 . . . . . . . . . . . . . Active Scanning Responses . | . . . . . . . . . . . . . . . . . . . . . . . . . . . Cargo Convoy Interrupts 1 | . . . . . . . . . . . . . . . . . . . . . . . . . . 1 Stealth | -11 -10 -10 -9 -9 -8 -8 -8 -8 -6 -6 -6 -6 -6 -5 -5 -5 -5 -4 -4 -4 -4 -4 -3 -3 -3 -2 --------- Run | Yrd Mat Min Mat Min Mat Sto Rec Scr Fac Ext Cet Arc Hub Fac Upp Upp Zhi Pro Fac Upp Upp War Pro Res Qua Res Distress Signals 23 | . 5 . 1 . 3 2 1 . . 1 2 . . . . . . . . . . 1 . 3 . 4 Communications Jammed 199 | . . . . . . . . . . 4 . . 10 13 . . . . . . . 76 . 13 . 83 Distress Signals 197 | . . . . . . . . . . 4 . . 9 12 . . . . . . . 76 . 13 . 83 Times Spotted 468 | . 38 10 49 9 67 40 9 . 1 28 10 5 21 19 9 5 . 4 4 6 4 39 . 11 18 62 Peak Tracking Total 14 | . 4 4 8 3 6 8 5 . 1 3 5 1 4 4 4 1 . 2 3 4 2 14 . 5 2 10 Tactical Retreats 15 | . 4 1 . . 2 2 . . . . . . . 1 . . . . . . . . . 1 . 4 Traps | -11 -10 -10 -9 -9 -8 -8 -8 -8 -6 -6 -6 -6 -6 -5 -5 -5 -5 -4 -4 -4 -4 -4 -3 -3 -3 -2 ------- Run | Yrd Mat Min Mat Min Mat Sto Rec Scr Fac Ext Cet Arc Hub Fac Upp Upp Zhi Pro Fac Upp Upp War Pro Res Qua Res Traps Triggered 16 | . 4 . 2 . 2 1 . . . 4 . . 1 1 . . . . . . . . . . 1 . Indirectly . | . . . . . . . . . . . . . . . . . . . . . . . . . . . Trap Hack Attempts . | . . . . . . . . . . . . . . . . . . . . . . . . . . . Triggered . | . . . . . . . . . . . . . . . . . . . . . . . . . . . Disarmed . | . . . . . . . . . . . . . . . . . . . . . . . . . . . Reprogrammed . | . . . . . . . . . . . . . . . . . . . . . . . . . . . Reused . | . . . . . . . . . . . . . . . . . . . . . . . . . . . Traps Extracted . | . . . . . . . . . . . . . . . . . . . . . . . . . . . Installed . | . . . . . . . . . . . . . . . . . . . . . . . . . . . Triggered . | . . . . . . . . . . . . . . . . . . . . . . . . . . . Machines | -11 -10 -10 -9 -9 -8 -8 -8 -8 -6 -6 -6 -6 -6 -5 -5 -5 -5 -4 -4 -4 -4 -4 -3 -3 -3 -2 ---------- Run | Yrd Mat Min Mat Min Mat Sto Rec Scr Fac Ext Cet Arc Hub Fac Upp Upp Zhi Pro Fac Upp Upp War Pro Res Qua Res Machines Disabled 43 | . . . 1 . 1 3 . . . 2 1 1 8 10 . . 2 . . . . 2 . 1 7 4 Max in Single Turn 6 | . . . 1 . 1 1 . . . . . 1 2 6 . . 2 . . . . 2 . 1 1 1 Garrison Access 4 | . . . . . . 1 . . . . . . 1 1 . . . . . . . . . 1 . . Network Hub 3 | . . . . . . . . . . . . . 3 . . . . . . . . . . . . . Machines Repaired . | . . . . . . . . . . . . . . . . . . . . . . . . . . . Machines Dismantled . | . . . . . . . . . . . . . . . . . . . . . . . . . . . Machines Sabotaged 1 | . . . . . . . . . . . . . 1 . . . . . . . . . . . . . Overloaded Fab Kills . | . . . . . . . . . . . . . . . . . . . . . . . . . . . Hacking | -11 -10 -10 -9 -9 -8 -8 -8 -8 -6 -6 -6 -6 -6 -5 -5 -5 -5 -4 -4 -4 -4 -4 -3 -3 -3 -2 --------- Run | Yrd Mat Min Mat Min Mat Sto Rec Scr Fac Ext Cet Arc Hub Fac Upp Upp Zhi Pro Fac Upp Upp War Pro Res Qua Res Machines Accessed 106 | . 7 1 14 . 12 12 10 2 1 15 . . 8 5 . 1 4 . 1 . . 1 . 4 5 3 Terminals 72 | . 5 . 10 . 9 8 6 . 1 14 . . 7 3 . . . . 1 . . . . 2 3 3 Fabricators . | . . . . . . . . . . . . . . . . . . . . . . . . . . . Repair Stations 3 | . . . 1 . 1 1 . . . . . . . . . . . . . . . . . . . . Recycling Units 12 | . 2 . 2 . 1 2 4 . . 1 . . . . . . . . . . . . . . . . Scanalyzers 3 | . . . 1 . . . . . . . . . . 1 . . . . . . . . . . 1 . Garrison Access 7 | . . . . . 1 1 . . . . . . 1 1 . . . . . . . . . 2 1 . Total Hacks 294 | . 20 1 40 . 39 34 21 12 2 24 . . 12 14 . 1 17 . 3 . . 1 . 17 20 16 Successful 164 | . 14 1 18 . 21 18 14 12 1 15 . . 5 6 . 1 17 . 2 . . 1 . 4 8 6 Failed 128 | . 5 . 22 . 18 16 7 . 1 9 . . 7 8 . . . . 1 . . . . 13 11 10 Catastrophic 34 | . . . 3 . 4 4 2 . . 3 . . . 3 . . . . . . . . . 5 5 5 Database Lockouts 2 | . 1 . . . . . . . . . . . . . . . . . . . . . . . 1 . Manual 169 | . 21 . 36 . 23 23 18 . . 13 1 . 11 6 . . . . . . . . . . 8 9 Terminals 197 | . 17 . 26 . 29 23 14 . 2 23 . . 11 10 . . . . 3 . . . . 13 10 16 Fabricators . | . . . . . . . . . . . . . . . . . . . . . . . . . . . Repair Stations 22 | . . . 8 . 6 8 . . . . . . . . . . . . . . . . . . . . Recycling Units 16 | . 3 . 2 . 1 2 7 . . 1 . . . . . . . . . . . . . . . . Scanalyzers 13 | . . . 4 . . . . . . . . . . 2 . . . . . . . . . . 7 . Garrison Access 14 | . . . . . 3 1 . . . . . . 1 2 . . . . . . . . . 4 3 . Terminal Hacks 70 | . 5 1 . . 6 2 3 12 1 11 . . . 2 . 1 17 . 2 . . 1 . 3 . 3 Record 9 | . . . . . . . . 4 . . . . . . . . 5 . . . . . . . . . Part Schematic 4 | . . . . . . . . . . . . . . . . . 4 . . . . . . . . . Robot Analysis 20 | . 5 . . . 1 . 2 8 . . . . . . . . 4 . . . . . . . . . Prototype ID Bank 6 | . . . . . 1 . 1 . . . . . . . . . 4 . . . . . . . . . Open Door 10 | . . 1 . . . . . . . 7 . . . . . 1 . . . . . 1 . . . . Branch Access Points 5 | . . . . . 1 . . . 1 . . . . 1 . . . . 1 . . . . 1 . . Alert Level 3 | . . . . . . . . . . 1 . . . . . . . . . . . . . 1 . 1 Unreport Threat 8 | . . . . . 3 2 . . . 2 . . . . . . . . . . . . . . . 1 Maintenance Status 2 | . . . . . . . . . . . . . . . . . . . . . . . . 1 . 1 Recall Investigation 1 | . . . . . . . . . . 1 . . . . . . . . . . . . . . . . Registered Components 2 | . . . . . . . . . . . . . . 1 . . . . 1 . . . . . . . Fabricator Hacks . | . . . . . . . . . . . . . . . . . . . . . . . . . . . Repair Station Hacks 21 | . . . 7 . 6 8 . . . . . . . . . . . . . . . . . . . . Scan Component 11 | . . . 4 . 3 4 . . . . . . . . . . . . . . . . . . . . Repair 10 | . . . 3 . 3 4 . . . . . . . . . . . . . . . . . . . . Recycling Unit Hacks 1 | . . . . . . . 1 . . . . . . . . . . . . . . . . . . . Retrieve Components 1 | . . . . . . . 1 . . . . . . . . . . . . . . . . . . . Scanalyzer 9 | . . . 2 . . . . . . . . . . 1 . . . . . . . . . . 6 . Insert Component 1 | . . . 1 . . . . . . . . . . . . . . . . . . . . . . . Retrieve Study 8 | . . . 1 . . . . . . . . . . 1 . . . . . . . . . . 6 . Garrison Access Hacks 4 | . . . . . . 1 . . . . . . 1 1 . . . . . . . . . 1 . . Seal Access 4 | . . . . . . 1 . . . . . . 1 1 . . . . . . . . . 1 . . Unauthorized Hacks 59 | . 9 . 9 . 9 7 10 . . 4 . . 4 2 . . . . . . . . . . 2 3 Terminals 47 | . 7 . 7 . 8 5 6 . . 3 . . 4 2 . . . . . . . . . . 2 3 Assimilate 2 | . . . . . . . . . . . . . . 1 . . . . . . . . . . . 1 Botnet 12 | . 2 . . . 2 . 1 . . 3 . . . 1 . . . . . . . . . . 1 2 Skim 29 | . 5 . 7 . 6 5 5 . . . . . . . . . . . . . . . . . 1 . Sabotage 4 | . . . . . . . . . . . . . 4 . . . . . . . . . . . . . Fabricators . | . . . . . . . . . . . . . . . . . . . . . . . . . . . Repair Stations . | . . . . . . . . . . . . . . . . . . . . . . . . . . . Recycling Units 12 | . 2 . 2 . 1 2 4 . . 1 . . . . . . . . . . . . . . . . Tunnel 11 | . 2 . 2 . 1 2 4 . . . . . . . . . . . . . . . . . . . Scrapoids 1 | . . . . . . . . . . 1 . . . . . . . . . . . . . . . . Scanalyzers . | . . . . . . . . . . . . . . . . . . . . . . . . . . . Garrison Access . | . . . . . . . . . . . . . . . . . . . . . . . . . . . Data Cores Recovered 4 | . . . 1 . . . . . . 3 . . . . . . . . . . . . . . . . Used . | . . . . . . . . . . . . . . . . . . . . . . . . . . . Hacking Detections 64 | . 5 . 10 . 10 9 5 . . 6 1 . 4 3 . . . . 1 . . . . 3 4 3 Full Trace Events 5 | . . . . . 1 1 . . . 2 . . . . . . . . . . . . . 1 . . Feedback Events 2 | . . . . . . . . . . . . . . . . . . . . . . . . 2 . . Corruption 1 | . . . . . . . . . . . . . . . . . . . . . . . . 1 . . Hackware Fried 1 | . . . . . . . . . . . . . . . . . . . . . . . . 1 . . Feedback Blocked . | . . . . . . . . . . . . . . . . . . . . . . . . . . . Robot Schematics Acquired . | . . . . . . . . . . . . . . . . . . . . . . . . . . . Robots Built . | . . . . . . . . . . . . . . . . . . . . . . . . . . . Authchips . | . . . . . . . . . . . . . . . . . . . . . . . . . . . Time . | . . . . . . . . . . . . . . . . . . . . . . . . . . . Total Robot Build Rating . | . . . . . . . . . . . . . . . . . . . . . . . . . . . Part Schematics Acquired 4 | . . . . . . . . . . . . . . . . . 4 . . . . . . . . . Parts Built . | . . . . . . . . . . . . . . . . . . . . . . . . . . . Authchips . | . . . . . . . . . . . . . . . . . . . . . . . . . . . Time . | . . . . . . . . . . . . . . . . . . . . . . . . . . . Total Part Build Rating . | . . . . . . . . . . . . . . . . . . . . . . . . . . . Part Studies Acquired 8 | . . . 1 . . . . . . . . . . 1 . . . . . . . . . . 6 . Parts Repaired 10 | . . . 3 . 3 4 . . . . . . . . . . . . . . . . . . . . Time 364 | . . . 103 . 103 158 . . . . . . . . . . . . . . . . . . . . Parts Recycled . | . . . . . . . . . . . . . . . . . . . . . . . . . . . Recycled Matter . | . . . . . . . . . . . . . . . . . . . . . . . . . . . Retrieved Matter . | . . . . . . . . . . . . . . . . . . . . . . . . . . . Retrieved Components . | . . . . . . . . . . . . . . . . . . . . . . . . . . . Parts Scanalyzed . | . . . . . . . . . . . . . . . . . . . . . . . . . . . Part Schematics Acquired . | . . . . . . . . . . . . . . . . . . . . . . . . . . . Parts Damaged . | . . . . . . . . . . . . . . . . . . . . . . . . . . . Bothacking | -11 -10 -10 -9 -9 -8 -8 -8 -8 -6 -6 -6 -6 -6 -5 -5 -5 -5 -4 -4 -4 -4 -4 -3 -3 -3 -2 ------------ Run | Yrd Mat Min Mat Min Mat Sto Rec Scr Fac Ext Cet Arc Hub Fac Upp Upp Zhi Pro Fac Upp Upp War Pro Res Qua Res Used RIF Installer . | . . . . . . . . . . . . . . . . . . . . . . . . . . . Robots Hacked . | . . . . . . . . . . . . . . . . . . . . . . . . . . . Non-combat . | . . . . . . . . . . . . . . . . . . . . . . . . . . . Combat . | . . . . . . . . . . . . . . . . . . . . . . . . . . . Robot Hacks Applied . | . . . . . . . . . . . . . . . . . . . . . . . . . . . Relay Couplers Released . | . . . . . . . . . . . . . . . . . . . . . . . . . . . Fabnet Peak Effective % . | . . . . . . . . . . . . . . . . . . . . . . . . . . . Robots Rewired 40 | . . . . . . . 21 . . 14 . . . . . . . . . . . 5 . . . . Allies Hacked 4 | . . . . . . . 2 . . . . . . . . . . . . . . 2 . . . . Hacks Repelled . | . . . . . . . . . . . . . . . . . . . . . . . . . . . Allies | -11 -10 -10 -9 -9 -8 -8 -8 -8 -6 -6 -6 -6 -6 -5 -5 -5 -5 -4 -4 -4 -4 -4 -3 -3 -3 -2 -------- Run | Yrd Mat Min Mat Min Mat Sto Rec Scr Fac Ext Cet Arc Hub Fac Upp Upp Zhi Pro Fac Upp Upp War Pro Res Qua Res Total Allies 73 | . . . . . . 12 21 . . 29 5 . . 1 . . . . . . . 5 . . . . Largest Group 26 | . . . . . . 10 26 25 . 19 17 12 8 1 . . . . . . . 5 . . . . Highest-Rated Group 950 | . . . . . . 173 361 351 . 682 950 783 479 10 . . . . . . . 269 . . . . Highest-Rated Ally 159 | . . . . . . 31 29 29 . 159 159 159 96 10 . . . . . . . 64 . . . . Total Orders 22 | . . . . . . . . 1 . 2 3 3 1 . . . . . . . . 4 . . . 8 STAY 8 | . . . . . . . . 1 . 1 2 1 1 . . . . . . . . 2 . . . . FOLLOW 6 | . . . . . . . . . . 1 1 2 . . . . . . . . . 2 . . . . EXPLORE 5 | . . . . . . . . . . . . . . . . . . . . . . . . . . 5 RETURN 3 | . . . . . . . . . . . . . . . . . . . . . . . . . . 3 Ally Attacks 411 | . . . . . . 12 45 . . 150 76 29 91 . . . . . . . . 8 . . . . Total Damage 10312 | . . . . . . 169 702 . . 3376 1609 819 3375 . . . . . . . . 262 . . . . Kills 66 | . . . . . . . 9 . . 22 10 3 21 . . . . . . . . 1 . . . . Allies Corrupted . | . . . . . . . . . . . . . . . . . . . . . . . . . . . Allies Melted 1 | . . . . . . . . . . . . . . . . . . . . . . 1 . . . . Intel | -11 -10 -10 -9 -9 -8 -8 -8 -8 -6 -6 -6 -6 -6 -5 -5 -5 -5 -4 -4 -4 -4 -4 -3 -3 -3 -2 ------- Run | Yrd Mat Min Mat Min Mat Sto Rec Scr Fac Ext Cet Arc Hub Fac Upp Upp Zhi Pro Fac Upp Upp War Pro Res Qua Res Active Infowar (turns) 24148 | 188 2664 962 366 . 241 . . . 336 2442 152 475 921 967 933 1779 338 902 426 1578 1156 1548 1452 897 1617 1808 Sensors 15606 | . . . . . . . . . 336 319 . . . 863 897 1779 338 810 426 1578 1106 1542 1452 882 1608 1670 Terrain 2273 | . . . . . . . . . . . . . . . . . . . . . 11 23 . 833 526 880 Seismic 4421 | 188 2664 962 366 . 241 . . . . . . . . . . . . . . . . . . . . . Machine Analysis 1 | . . . . . . . . . . . . . . . . . . . . . . . . 1 . . Cloaking 10064 | . . . . . . . . . . . . . . . 624 1477 338 804 422 1265 1101 11 1350 768 959 945 Jamming 19021 | . . . . . . . . . . 2309 152 475 921 965 931 1779 332 901 423 1573 1156 1547 1450 895 1613 1599 ECM 1 | . . . . . . . . . . . . . . 1 . . . . . . . . . . . . Robot Analysis Total 20 | . 5 . . . 1 . 2 8 . . . . . . . . 4 . . . . . . . . . Derelict Logs Recovered 8 | . . 2 . 1 . . . . . . . . . . . 3 . . . 1 1 . . . . . Drone Launches 7 | . . . . . . . . . . . . . . . . . . . . . . . . . . 7 Drone Recoveries 7 | . . . . . . . . . . . . . . . . . . . . . . . . . . 7 Exploration | -11 -10 -10 -9 -9 -8 -8 -8 -8 -6 -6 -6 -6 -6 -5 -5 -5 -5 -4 -4 -4 -4 -4 -3 -3 -3 -2 ------------- Run | Yrd Mat Min Mat Min Mat Sto Rec Scr Fac Ext Cet Arc Hub Fac Upp Upp Zhi Pro Fac Upp Upp War Pro Res Qua Res Turns Passed 40625 | 396 2664 1215 2863 1567 3779 2899 2009 2672 472 2442 594 475 921 967 933 1779 338 902 432 1585 1156 1548 1452 897 1617 2051 Spaces Moved 17604 | 157 933 407 1208 634 1296 973 749 1312 218 1212 247 221 516 472 560 890 179 421 261 753 677 717 866 432 565 728 Core 48 | 3 . . . . . . 1 . . . . . . . . . . . . . . . . 2 . 42 Treads 14653 | 154 933 231 747 634 1296 973 748 676 . . 47 221 516 472 560 890 179 421 261 753 677 717 866 430 565 686 Legs . | . . . . . . . . . . . . . . . . . . . . . . . . . . . Wheels 2903 | . . 176 461 . . . . 636 218 1212 200 . . . . . . . . . . . . . . . Hover . | . . . . . . . . . . . . . . . . . . . . . . . . . . . Flight . | . . . . . . . . . . . . . . . . . . . . . . . . . . . Fastest Speed 50 | 50 160 145 101 240 240 235 235 160 160 160 160 160 160 160 160 160 160 160 160 160 160 160 163 160 166 50 Average Speed 184 | 157 194 198 178 240 240 235 237 199 160 160 170 160 160 160 160 160 160 160 160 160 161 160 163 173 166 168 Slowest Speed 2700 | 160 240 240 240 240 240 240 1750 238 160 160 175 160 160 160 160 160 160 160 160 160 240 240 163 2700 166 300 Overloaded Moves . | . . . . . . . . . . . . . . . . . . . . . . . . . . . Propulsion Burnouts . | . . . . . . . . . . . . . . . . . . . . . . . . . . . Robots Hopped 6 | . . . . . . . . . . . . . . . . . . . . . . 6 . . . . Potential Cave-ins 93 | . . . . . . . . . . . . . . . . . . . . 2 . . . . . 91 Cave-ins Triggered 22 | . . . . . . . . . . . . . . . . . . . . . . . . . . 22 Teleports 2 | . . . . . . . . . . . . . . . . . . . . . . . . . . 2 Exploration Rate (%) 66 | 11 96 87 97 101 93 95 96 78 9 83 68 88 54 15 69 78 60 54 3 81 85 61 92 22 76 32 Regions Visited 26 Branch Regions 18 Pre-discovered Areas 19 | . 2 1 3 . 1 3 5 . . . . . . . . 1 3 . . . . . . . . . Known Exits Taken 21 | . . 1 1 1 1 1 1 1 1 . . . 1 1 1 1 1 1 1 1 1 1 1 1 1 . Unknown Exits Taken 5 | 1 1 . . . . . . . . 1 1 1 . . . . . . . . . . . . . . Scrap Searched 22 | . . 1 . 1 . . . 6 . . . . . . 4 . . 3 . 2 3 . 2 . . . Spaces Dug 281 | . . 2 . 30 38 25 . . . . . . . 15 . . . 6 . 8 . 27 5 19 12 94 Terrain Destroyed 854 | . . 2 . 30 114 26 1 . . 3 1 . 186 101 30 3 . 10 . 75 . 31 5 31 19 186 Melee 34 | . . 2 . . . . . . . . . . . . . . . . . . . . . . . 32 Projectile 281 | . . . . . . 1 1 . . 2 1 . 4 29 3 3 . 10 . 33 . 31 5 31 19 108 AOE 536 | . . . . 30 114 25 . . . . . . 182 72 27 . . . . 42 . . . . . 44 Terrain Rammed . | . . . . . . . . . . . . . . . . . . . . . . . . . . . Walls Destroyed . | . . . . . . . . . . . . . . . . . . . . . . . . . . . Machines Disabled . | . . . . . . . . . . . . . . . . . . . . . . . . . . . Actions | -11 -10 -10 -9 -9 -8 -8 -8 -8 -6 -6 -6 -6 -6 -5 -5 -5 -5 -4 -4 -4 -4 -4 -3 -3 -3 -2 --------- Run | Yrd Mat Min Mat Min Mat Sto Rec Scr Fac Ext Cet Arc Hub Fac Upp Upp Zhi Pro Fac Upp Upp War Pro Res Qua Res Total 23876 | 260 1560 786 1657 653 1722 1396 964 1375 339 1601 400 330 585 598 583 1227 216 627 276 1082 729 1067 904 526 1156 1257 Wait 4091 | 70 483 350 225 . 202 269 53 43 95 171 98 101 32 30 2 320 . 185 . 276 34 275 28 8 495 246 Move 17560 | 156 932 407 1207 633 1295 972 748 1311 217 1211 246 220 516 471 559 889 178 420 260 752 676 707 865 431 564 717 Hop 3 | . . . . . . . . . . . . . . . . . . . . . . 3 . . . . Pick Up 194 | 4 15 5 31 1 31 11 2 7 7 11 12 . 5 8 2 2 3 1 4 . . 5 2 9 6 10 Fast Attach 53 | 5 4 . 7 . 7 4 . 1 2 4 1 . . 1 . . 5 . . . . 3 . 1 1 7 Attach 65 | 1 4 1 8 . 13 1 1 4 2 1 2 . . 2 . . 1 . 1 1 . . 1 3 . 18 Detach 7 | . . . . . 1 . 2 . . . . . . . . . 1 . . . . . . . . 3 Swap 291 | 1 1 5 13 2 22 20 4 2 5 13 7 . 3 19 11 4 8 10 6 12 11 19 5 24 28 36 Drop 190 | . . 2 24 1 28 19 8 7 8 18 18 . 6 6 2 2 7 1 4 . . 7 2 9 6 5 Fire 1056 | 20 112 13 135 12 115 95 11 . 3 57 16 9 21 53 6 9 13 10 1 38 8 33 1 41 56 168 Melee 34 | . . 2 . . . . . . . . . . . . . . . . . . . . . . . 32 Ram 1 | . . . 1 . . . . . . . . . . . . . . . . . . . . . . . Kick . | . . . . . . . . . . . . . . . . . . . . . . . . . . . Crush 56 | 3 9 1 6 4 8 5 1 . . . . . 2 8 1 . . . . 3 . . . . . 5 Escape Stasis 14 | . . . . . . . . . . 4 . . . . . . . . . . . . . . . 10 Rewire 260 | . . . . . . . 134 . . 111 . . . . . . . . . . . 15 . . . . Trap . | . . . . . . . . . . . . . . . . . . . . . . . . . . . Miscellaneous 1 | . . . . . . . . . . . . . . . . 1 . . . . . . . . . . Route ------- -11/Scrapyard -10/Materials (discovered 5 exits: *Mat x3 / *Min / Sub) -10/Mines -9/Materials (discovered 4 exits: *Mat x3 / *Min) -9/Mines (discovered 3 exits: *Mat x2 / [*Zio]) -8/Materials (discovered 5 exits: *Fac x3 / *Sto x2) -8/Storage (discovered 2 exits: *Fac / *Rec) -8/Recycling (discovered 2 exits: *Fac / *Scr) -8/Scraptown (discovered 2 exits: *Fac x2) -6/Factory (discovered 5 exits: Fac / *Low x2 / *Ext x2) -6/Extension (discovered 3 exits: *Fac x2 / *Cet) -6/Cetus (discovered 2 exits: *Fac / [*Arc]) -6/Archives (discovered 3 exits: *Fac / *Hub x2) -6/Hub_04(d) (discovered 3 exits: *Fac x3) -5/Factory (discovered 3 exits: *Fac / *Upp x2) -5/Upper Caves -5/Upper Caves (discovered 2 exits: *Fac / *Zhi) -5/Zhirov -4/Proximity Caves -4/Factory (discovered 2 exits: *Upp x2) -4/Upper Caves -4/Upper Caves (discovered 2 exits: *Res / *War) -4/Warlord -3/Proximity Caves -3/Research (discovered 4 exits: *Res / *Arm / *Qua x2) -3/Quarantine -2/Research History --------- Turn | Location | Event 11 | -11/Scrapyard | Discovered new exit (range 16) 397 | -11/Scrapyard | Entered Materials 398 | -10/Materials | Build established: Mutant 1338 | -10/Materials | Central database locked down 1400 | -10/Materials | Discovered new exit (range 8) 2073 | -10/Materials | Discovered new exit (range 13) 2306 | -10/Materials | Discovered new exit (range 11) 2313 | -10/Materials | Identified exit to Materials 2372 | -10/Materials | Identified exit to Subcaves 2422 | -10/Materials | Learned location of 3 exits from Materials 2462 | -10/Materials | Learned location of 1 exit from Storage 2512 | -10/Materials | Learned Storage stockpile data 2570 | -10/Materials | Learned Storage stockpile data 2594 | -10/Materials | Core integrity fell below 50% 3061 | -10/Materials | Entered Mines 3062 | -10/Mines | Learned location of Storage (-8) 3090 | -10/Mines | Learned location of 1 exit from Materials 3230 | -10/Mines | Met a Derelict shopkeep closing up shop 3384 | -10/Mines | Deemed a non-threat by the Exiles lab entrance 3470 | -10/Mines | Core integrity fell below 20% 3491 | -10/Mines | Learned Materials stockpile data 3881 | -10/Mines | Excavation squad dispatched 3881 | -10/Mines | A large section of the Mines collapsed 4276 | -10/Mines | Entered Materials 4276 | -9/Materials | Evolved 2 slots: Propulsion x1, Utility x1 4277 | -9/Materials | Identified exit to Materials 4277 | -9/Materials | Identified exit to Mines 4425 | -9/Materials | Lost 3 parts (1p1n1w) 4993 | -9/Materials | Build established: Scavenger-Mutant 5791 | -9/Materials | Learned location of 2 exits from Materials 5816 | -9/Materials | Learned Storage emergency access door positions 5830 | -9/Materials | Learned Storage emergency access door positions 5840 | -9/Materials | Loaded intel: 8 trap records 6097 | -9/Materials | Repaired Lgt. Treads 6124 | -9/Materials | Repaired Lgt. Treads 6178 | -9/Materials | Repaired Imp. Assault Rifle 7139 | -9/Materials | Entered Mines 7746 | -9/Mines | Received a Rocket Launcher from a helpful Derelict 8075 | -9/Mines | Learned Materials security intel 8205 | -9/Mines | A Derelict revealed a hidden shortcut to a safe place 8706 | -9/Mines | Entered Materials 8706 | -8/Materials | Evolved 2 slots: Utility x1, Weapon x1 8707 | -8/Materials | Identified exit to Factory 9005 | -8/Materials | Lost 8 parts (5n1u2w) 9050 | -8/Materials | Found Prototype Device 9113 | -8/Materials | Discovered new exit (range 15) 9395 | -8/Materials | Build established: Scavenger-Tank 9611 | -8/Materials | Repaired Imp. Assault Rifle 9638 | -8/Materials | Repaired Lgt. Treads 9666 | -8/Materials | Repaired Lgt. Treads 9754 | -8/Materials | Identified exit to Storage 9820 | -8/Materials | Build established: Gunner 10539 | -8/Materials | Learned Storage emergency access door positions 10614 | -8/Materials | Learned Storage stockpile data 10681 | -8/Materials | Learned location of 1 exit from Extension 10706 | -8/Materials | Build established: Scavenger-Gunner 10706 | -8/Materials | First assault squad dispatched 10737 | -8/Materials | Learned Factory scanalyzer intel 10783 | -8/Materials | Learned 2 Lower Caves zone layouts 10817 | -8/Materials | Learned location of 1 exit from Storage 10877 | -8/Materials | Learned Storage trap positions 10921 | -8/Materials | Learned 4 Factory zone layouts 11200 | -8/Materials | Build established: Scavenger-Tank 12485 | -8/Materials | Entered Storage 12486 | -8/Storage | Identified exit to Recycling 12487 | -8/Storage | Loaded intel: 15 trap records 12596 | -8/Storage | Met a pair of Derelict thieves 12767 | -8/Storage | Destroyed 8 combat bots 12772 | -8/Storage | Core integrity fell below 50% 13211 | -8/Storage | Build established: Tank 13729 | -8/Storage | Build established: Scavenger-Tank 14202 | -8/Storage | Used back door to open Recycling access 14637 | -8/Storage | Learned Storage trap positions 14647 | -8/Storage | Repaired Hardlight Generator 14684 | -8/Storage | Learned location of Lower Caves (-6) 14693 | -8/Storage | Repaired Gauss Rifle 14719 | -8/Storage | Learned Factory trap positions 14732 | -8/Storage | Repaired Imp. Grenade Launcher 14742 | -8/Storage | Learned 4 Lower Caves zone layouts 14754 | -8/Storage | Learned 2 Lower Caves zone layouts 14771 | -8/Storage | Repaired Adv. Treads 14778 | -8/Storage | Learned Factory emergency access door positions 14813 | -8/Storage | Loaded intel: 1 garrison access location 15326 | -8/Storage | Assisted by bots powering up and referring to "LRC-V3" 15384 | -8/Storage | Entered Recycling 15384 | -8/Recycling | Accompanied by 10 allies 15638 | -8/Recycling | Build established: Commander-Tank 15852 | -8/Recycling | Identified exit to Scraptown 15883 | -8/Recycling | Identified exit to Factory 15916 | -8/Recycling | Learned 2 Lower Caves zone layouts 15917 | -8/Recycling | Learned Storage stockpile data 15923 | -8/Recycling | P-60 Hacker assimilated allied Trooper 3f 15926 | -8/Recycling | Learned location of 1 exit from Lower Caves 15945 | -8/Recycling | Learned location of 1 exit from Extension 17244 | -8/Recycling | Scanned before Scraplab entrance 17279 | -8/Recycling | Entered Scraplab 17393 | -8/Recycling | Entered Scraptown 17393 | -8/Scraptown | Accompanied by 25 allies 17393 | -8/Scraptown | System corruption cleaned by C-Scrubber 17554 | -8/Scraptown | Build established: Commander-Mutant 17688 | -8/Scraptown | Visited UFD Registry 17688 | -8/Scraptown | Registered with UFD as "Novaglider" 17803 | -8/Scraptown | Visited Chapter 10 17843 | -8/Scraptown | Visited Analyses Database 17932 | -8/Scraptown | Visited Observation Area 18036 | -8/Scraptown | Visited Abandonware Association 18062 | -8/Scraptown | Learned abandonware demo "REBOOT5.EXE" 18120 | -8/Scraptown | Visited Derelict Rescue Squad 18137 | -8/Scraptown | Found DRS Beacon 18192 | -8/Scraptown | Visited Botcube Research 18281 | -8/Scraptown | Visited DA-N13 Charitable Foundation 18302 | -8/Scraptown | Found DCF Scrap (26 items) 19182 | -8/Scraptown | Heard Great Nut preacher, LISTEN AND RECITE! 19329 | -8/Scraptown | Build established: Commander-Tank 19361 | -8/Scraptown | Discovered exit to Factory (range 13) 19978 | -8/Scraptown | Met Optimus 19978 | -8/Scraptown | Accepted into 0bPrime 20062 | -8/Scraptown | Discovered exit to Factory (range 3) 20065 | -8/Scraptown | Entered Factory 20065 | -6/Factory | Evolved 4 slots: Power x1, Propulsion x1, Utility x2 20066 | -6/Factory | Identified exit to Extension 20066 | -6/Factory | Identified exit to Factory 20067 | -6/Factory | Loaded intel: 80 trap records 20069 | -6/Factory | Loaded intel: 4 scanalyzer locations 20250 | -6/Factory | Discovered new exit (range 6) 20323 | -6/Factory | Identified exit to Lower Caves 20537 | -6/Factory | Entered Extension 20611 | -6/Extension | Build established: Tank 21006 | -6/Extension | Rescued a captive Derelict 21037 | -6/Extension | Rescued a captive Derelict 21373 | -6/Extension | Rescued A7 21467 | -6/Extension | Build established: Scavenger-Tank 21472 | -6/Extension | Rescued a captive Derelict 21473 | -6/Extension | Rescued a captive Derelict 21497 | -6/Extension | Rescued a captive Derelict 21499 | -6/Extension | Rescued a captive Derelict 21555 | -6/Extension | Rescued a captive Derelict 21756 | -6/Extension | Spotted B-75 Beast 21775 | -6/Extension | Allies destroyed B-75 Beast 21784 | -6/Extension | Spotted B-75 Beast 21802 | -6/Extension | Destroyed B-75 Beast 21831 | -6/Extension | Lost 5 allies 22186 | -6/Extension | Rescued a captive Derelict 22187 | -6/Extension | Rescued a captive Derelict 22773 | -6/Extension | Scrapoids reinforcements arrived? 22783 | -6/Extension | Build established: Commander-Tank 22820 | -6/Extension | Found Unknown Device 22842 | -6/Extension | Lost 3 allies 22874 | -6/Extension | Discovered new exit (range 6) 22979 | -6/Extension | Entered Cetus 22979 | -6/Cetus | Accompanied by 16 allies (A7) 22984 | -6/Cetus | Acquired a Cetus Manufacturing Module code from A7 23023 | -6/Cetus | Spotted Cetus Guard 23023 | -6/Cetus | Spotted Cetus Guard 23030 | -6/Cetus | Spotted Cetus Guard 23030 | -6/Cetus | Spotted Cetus Guard 23034 | -6/Cetus | Allies destroyed Cetus Guard 23040 | -6/Cetus | Allies destroyed Cetus Guard 23042 | -6/Cetus | Allies destroyed Cetus Guard 23043 | -6/Cetus | Allies destroyed Cetus Guard 23168 | -6/Cetus | Started Cetus Manufacturing Module 23193 | -6/Cetus | Manufactured an Enhanced Grunt 23218 | -6/Cetus | Manufactured an Enhanced Grunt 23243 | -6/Cetus | Manufactured an Enhanced Grunt 23268 | -6/Cetus | Manufactured an Enhanced Grunt 23281 | -6/Cetus | Escorted A7 to Cetus Mainframe 23293 | -6/Cetus | Manufactured an Enhanced Grunt 23329 | -6/Cetus | Discovered new exit (range 15) 23360 | -6/Cetus | Spotted Cetus Guard 23360 | -6/Cetus | Spotted Cetus Guard 23364 | -6/Cetus | Spotted Cetus Guard 23368 | -6/Cetus | Spotted Cetus Guard 23370 | -6/Cetus | Allies destroyed Cetus Guard 23379 | -6/Cetus | Allies destroyed Cetus Guard 23383 | -6/Cetus | Allies destroyed Cetus Guard 23383 | -6/Cetus | Allies destroyed Cetus Guard 23395 | -6/Cetus | Discovered exit to Factory (range 15) 23405 | -6/Cetus | Met Revision 17 23409 | -6/Cetus | Lost 3 allies 23573 | -6/Cetus | Entered Archives 23573 | -6/Archives | Accompanied by 13 allies (A7) 23578 | -6/Archives | Received a hacking code to weaken MAIN.C 23878 | -6/Archives | Discovered exit to Factory (range 15) 23901 | -6/Archives | Discovered new exit (range 16) 23955 | -6/Archives | Discovered new exit (range 16) 24048 | -6/Archives | Entered Hub_04(d) 24048 | -6/Hub_04(d) | Accompanied by 8 allies 24248 | -6/Hub_04(d) | Discovered exit to Factory (range 15) 24490 | -6/Hub_04(d) | Discovered exit to Factory (range 4) 24496 | -6/Hub_04(d) | Build established: Scavenger-Tank 24731 | -6/Hub_04(d) | Discovered exit to Factory (range 9) 24919 | -6/Hub_04(d) | Network Hub disabled 24919 | -6/Hub_04(d) | Network Hub disabled 24966 | -6/Hub_04(d) | Network Hub disabled 24966 | -6/Hub_04(d) | Spotted Lightning 24969 | -6/Hub_04(d) | Spotted Lightning 24969 | -6/Hub_04(d) | Entered Factory 24969 | -5/Factory | Evolved 2 slots: Utility x2 25533 | -5/Factory | Discovered new exit (range 14) 25555 | -5/Factory | Identified exit to Factory 25828 | -5/Factory | Identified exit to Upper Caves 25869 | -5/Factory | First assault squad dispatched 25936 | -5/Factory | Entered Upper Caves 26058 | -5/Upper Caves | Encountered a Warlord checkpoint 26532 | -5/Upper Caves | Build established: Scavenger-Gunner 26704 | -5/Upper Caves | Discovered new exit (range 12) 26849 | -5/Upper Caves | Identified exit to Upper Caves 26869 | -5/Upper Caves | Entered another Upper Caves area 26874 | -5/Upper Caves | Activated DRS Beacon 27243 | -5/Upper Caves | Discovered exit to Factory (range 10) 27310 | -5/Upper Caves | Encountered a Warlord checkpoint 27605 | -5/Upper Caves | Learned Factory security intel 27778 | -5/Upper Caves | Discovered new exit (range 11) 28542 | -5/Upper Caves | Spotted B-75 Beast 28644 | -5/Upper Caves | Identified exit to Zhirov 28648 | -5/Upper Caves | Entered Zhirov 28650 | -5/Zhirov | Discovered new exit (range 3) 28682 | -5/Zhirov | Met Zhirov 28709 | -5/Zhirov | Learned location of Quarantine (-3) 28724 | -5/Zhirov | Zhirov requested help retrieving the SGEMP Prototype 28754 | -5/Zhirov | Found Alien Artifact 28754 | -5/Zhirov | Identified Integrated Dissipator 28754 | -5/Zhirov | Installed Integrated Dissipator, increased core heat dissipation (+20) 28775 | -5/Zhirov | Found Alien Artifact 28955 | -5/Zhirov | Build established: Scavenger-Mutant 28984 | -5/Zhirov | Identified exit to Proximity Caves 28986 | -5/Zhirov | Entered Proximity Caves 29289 | -4/Proximity Caves | Build established: Scavenger-Gunner 29622 | -4/Proximity Caves | Spotted B-86 Titan 29788 | -4/Proximity Caves | Discovered exit to Factory (range 7) 29888 | -4/Proximity Caves | Entered Factory 29888 | -4/Factory | Evolved 2 slots: Propulsion x1, Utility x1 29889 | -4/Factory | Identified exit to Upper Caves 30320 | -4/Factory | Entered Upper Caves 30351 | -4/Upper Caves | Build established: Scavenger-Tank 30901 | -4/Upper Caves | Learned Research security intel 30969 | -4/Upper Caves | Encountered a Warlord checkpoint 31623 | -4/Upper Caves | Discovered new exit (range 15) 31902 | -4/Upper Caves | Identified exit to Upper Caves 31905 | -4/Upper Caves | Entered another Upper Caves area 31969 | -4/Upper Caves | Learned 8 Research zone layouts 32035 | -4/Upper Caves | Discovered new exit (range 12) 32397 | -4/Upper Caves | Encountered a Warlord checkpoint 32690 | -4/Upper Caves | Attracted the attention of an 0b10 checkpoint 33021 | -4/Upper Caves | Discovered new exit (range 7) 33032 | -4/Upper Caves | Identified exit to Warlord 33061 | -4/Upper Caves | Entered Warlord 33489 | -4/Warlord | Visited the Vortex Lab 33496 | -4/Warlord | Found Prototype Energy Gun 33496 | -4/Warlord | Identified Vortex Rifle 33502 | -4/Warlord | Warlord's base attacked by MAIN.C 33697 | -4/Warlord | Found Prototype Reactor 33697 | -4/Warlord | Identified Vortex Chain Reactor 33720 | -4/Warlord | Found Prototype Device 33720 | -4/Warlord | Identified System Purifier 33728 | -4/Warlord | Found Prototype Hackware 33728 | -4/Warlord | Identified Ghost Barrier 33852 | -4/Warlord | Warlord forces counterattacked 34177 | -4/Warlord | Warlord base infiltrated, sounded retreat 34240 | -4/Warlord | Rebuked by Warlord 34248 | -4/Warlord | Spotted Executioner 34249 | -4/Warlord | Spotted Striker 34250 | -4/Warlord | Spotted Executioner 34315 | -4/Warlord | Lost 10 allies 34369 | -4/Warlord | Spotted Executioner 34373 | -4/Warlord | Spotted Executioner 34381 | -4/Warlord | Found Prototype Processor 34381 | -4/Warlord | Identified Exp. Targeting Computer 34402 | -4/Warlord | Spotted Executioner 34403 | -4/Warlord | Spotted Executioner 34406 | -4/Warlord | Found Prototype Processor 34433 | -4/Warlord | Found Prototype Processor 34433 | -4/Warlord | Identified Exp. Melee Analysis Suite 34444 | -4/Warlord | Identified Exp. Core Analyzer 34456 | -4/Warlord | Lost 11 allies 34458 | -4/Warlord | Discovered new exit (range 15) 34479 | -4/Warlord | Identified exit to Proximity Caves 34609 | -4/Warlord | Entered Proximity Caves 34887 | -3/Proximity Caves | Discovered new exit (range 6) 34895 | -3/Proximity Caves | Identified exit to Research 36061 | -3/Proximity Caves | Entered Research 36061 | -3/Research | Evolved 2 slots: Power x1, Propulsion x1 36261 | -3/Research | Revision forces began assault on 0b10 36287 | -3/Research | Discovered new exit (range 4) 36292 | -3/Research | Met up with Revision 17++ 36292 | -3/Research | Identified exit to Research 36350 | -3/Research | Hacking Suite fried by hacking feedback 36399 | -3/Research | Build established: Scavenger-Skirmisher 36454 | -3/Research | Identified exit to Armory 36454 | -3/Research | Identified exit to Quarantine 36761 | -3/Research | Research terminal network offline 36930 | -3/Research | Found Prototype Processor 36930 | -3/Research | Identified Exp. Target Analyzer 36940 | -3/Research | Spotted B-90 Cyclops 36958 | -3/Research | Entered Quarantine 37004 | -3/Quarantine | Central database locked down 37049 | -3/Quarantine | Found Alien Slashing Weapon 37074 | -3/Quarantine | Found Prototype Processor 37074 | -3/Quarantine | Identified Spectral Analyzer 37247 | -3/Quarantine | Found Alien Artifact 37255 | -3/Quarantine | Found Alien Artifact 37746 | -3/Quarantine | Cryocooling Duct disabled 37761 | -3/Quarantine | Ambient heat levels rising (+20) 37761 | -3/Quarantine | Non-combat units ordered to evacuate 37786 | -3/Quarantine | Build established: Scavenger-Tank 37989 | -3/Quarantine | Discovered exit to Research (range 11) 38575 | -3/Quarantine | Entered Research 38575 | -2/Research | Evolved 2 slots: Utility x2 39452 | -2/Research | Build established: Scavenger-Skirmisher 39581 | -2/Research | Identified Hpw. Transdimensional Reconstructor 39581 | -2/Research | Warped through subspace 39590 | -2/Research | Destroyed 8 combat bots 39763 | -2/Research | Build established: Scavenger-Gunner 39939 | -2/Research | Identified Transdimensional Reconstructor 39939 | -2/Research | Warped through subspace 39947 | -2/Research | Spotted Executioner 39948 | -2/Research | Cargo convoy interrupted 39952 | -2/Research | Spotted Striker 39957 | -2/Research | System corruption reached 10% 39971 | -2/Research | Destroyed Striker 39974 | -2/Research | Destroyed Executioner 40012 | -2/Research | Lost 6 parts (2n3u1w) 40013 | -2/Research | Destroyed 9 combat bots 40028 | -2/Research | Identified Sigix Broadsword 40317 | -2/Research | Crushed by falling debris 40329 | -2/Research | Build established: Scavenger-Mutant 40334 | -2/Research | Crushed by falling debris 40348 | -2/Research | Lost 3 parts (1p2u) 40362 | -2/Research | Crushed by falling debris 40362 | -2/Research | System corruption reached 30% 40368 | -2/Research | Crushed by falling debris 40372 | -2/Research | Crushed by falling debris 40383 | -2/Research | Crushed by falling debris 40397 | -2/Research | Crushed by falling debris 40406 | -2/Research | Crushed by falling debris 40412 | -2/Research | Crushed by falling debris 40412 | -2/Research | Core integrity fell below 50% 40428 | -2/Research | Lost 8 parts (6u2w) 40430 | -2/Research | Crushed by falling debris 40472 | -2/Research | Crushed by falling debris 40497 | -2/Research | Crushed by falling debris 40503 | -2/Research | Crushed by falling debris 40510 | -2/Research | Crushed by falling debris 40518 | -2/Research | Released all parts (4) 40549 | -2/Research | Lost 6 parts (1p2n1u2w) 40554 | -2/Research | Crushed by falling debris 40569 | -2/Research | Crushed by falling debris 40569 | -2/Research | Core integrity fell below 20% 40574 | -2/Research | Crushed by falling debris 40605 | -2/Research | Lost 3 parts (3w) 40607 | -2/Research | Crushed by falling debris 40609 | -2/Research | Crushed by falling debris 40617 | -2/Research | Crushed by falling debris 40625 | -2/Research | Crushed by falling debris 40626 | -2/Research | Crushed by falling debris 40626 | -2/Research | Smashed by cave-in Last Messages --------------- 40593_ Extracted 83 energy. 40593_ Acquired Exp. Energy Well. 40605_ The unstable cave ceiling collapses. 40607_ Crushed by falling debris. 40608_ ETXEXFO:=%GQVSXFSK63Q 40609_ The unstable cave ceiling collapses. 40609_ Crushed by falling debris. 40609_ Sigix Broadsword destroyed. 40609_ System corrupted by crushing effect (+2). 40610_ System corrupted: Imp. Grenade Launcher+ failed to launch. 40617_ The unstable cave ceiling collapses. 40617_ Crushed by falling debris. 40617_ Imp. Grenade Launcher+ destroyed. 40617_ System corrupted by crushing effect (+3). 40623_ 9:HU0XQUH8 9 T9RYYGHN8FUY ,EEODRFZVC 40625_ The unstable cave ceiling collapses. 40625_ Crushed by falling debris. 40626_ The unstable cave ceiling collapses. 40626_ Crushed by falling debris. Map ----- +----------------------------------------------------+ | ?????????????????????????????????????????????????? | | ?????????????????????????????????????????????????? | | ?????????????????????????????????????????????????? | | ?????????????????????????????????????????????????? | | ?????????????????????????????????????????????????? | | ?????????????????????????????????????????????????? | | ?????????????????????????????????????????????????? | | ?????????????????????????????????????????????????? | | ?????????????????????????????????????????????????? | | ?????????????????????????????????????????????????? | | ?????????????????????????????????????????????????? | | ?????????????????????????????????????????????????? | | ?????????????????????????????????????????????????? | | ?????????????????????????????????????????????????? | | ?????????????????????????????????????????????????? | | ?????????????????????????????????????????????????? | | ?????????????????????????????????????????????????? | | ?????????????????????????????????????????????????? | | ?????????????????????????????????????????????????? | | ?????????????????????????????????????????????????? | | ?????????????????????????????????????????????????? | | ?????????????????????????????????????????????????? | | ????????????##??????#######??????????????????????? | | #####?????## #??????# # #??????????????????????? | | #!!!####### ######### #??????????????????????? | | #!] !! # # # @#??????????????????????? | | #]!!###### ######### #??????????????????????? | | ###|#????## #??????# ##??????????????????????? | | ??###?????## #?????#######??????????????????????? | | ????????????# #??????????????????????????????????? | | ?????????????# #?????????????????????????????????? | | ??????????????# #????????????????????????????????? | | ???????????????##????????????????????????????????? | | ?????????????????????????????????????????????????? | | ?????????????????????????????????????????????????? | | ?????????????????????????????????????????????????? | | ?????????????????????????????????????????????????? | | ?????????????????????????????????????????????????? | | ?????????????????????????????????????????????????? | | ?????????????????????????????????????????????????? | | ?????????????????????????????????????????????????? | | ?????????????????????????????????????????????????? | | ?????????????????????????????????????????????????? | | ?????????????????????????????????????????????????? | | ?????????????????????????????????????????????????? | | ?????????????????????????????????????????????????? | | ?????????????????????????????????????????????????? | | ?????????????????????????????????????????????????? | | ?????????????????????????????????????????????????? | | ?????????????????????????????????????????????????? | +----------------------------------------------------+ Best States ------------- Heat Dissipation 100 Energy Generation 75 Energy Capacity 950 Matter Stores 500 Matter Capacity 500 Sight Range 16 Robot Scan Range 18 Terrain Scan Range 24 Terrain Scan Density 10 Jamming Range 14 Cloak Strength 3 Armor Coverage 600 Resistance: KI 30 Resistance: TH 15 Weapon Cycling 25 Phase Shifting 5 Evasion (%) 50 Targeting Accuracy 13 Core Analysis 8 Armor Integrity Analysis 40 Recoil Reduction 6 Matter Filtering 50 Offensive Hacking 22 Item Schematics ----------------- Assault Drone Bay | -5/Zhirov | Free Exp. Heat Sink | -5/Zhirov | Free Exp. Optical Array | -5/Zhirov | Free Imp. Arc Thrower | -5/Zhirov | Free Robot Schematics ------------------ None Fabricated ------------ Nothing Repaired ---------- Lgt. Treads | 25% | -9/Materials Lgt. Treads | 30% | -9/Materials Imp. Assault Rifle | 48% | -9/Materials Imp. Assault Rifle | 5% | -8/Materials Lgt. Treads | 32% | -8/Materials Lgt. Treads | 60% | -8/Materials Hardlight Generator | 20% | -8/Storage Gauss Rifle | 63% | -8/Storage Imp. Grenade Launcher | 32% | -8/Storage Adv. Treads | 68% | -8/Storage Studied --------- Hvy. Assault Rifle | -9/Materials | Hacked KE Penetrator | -5/Factory | Hacked Nova Cannon | -3/Quarantine | Hacked Com. HERF Cannon | -3/Quarantine | Hacked Rnf. Antimatter Reactor | -3/Quarantine | Hacked Imp. Grenade Launcher | -3/Quarantine | Hacked Adv. Heavy Treads | -3/Quarantine | Hacked Matter Neutralizer | -3/Quarantine | Hacked Alien Tech Used ----------------- Integrated Dissipator High-powered Transdimensional Reconstructor Transdimensional Reconstructor Sigix Broadsword Achievements -------------- Betrayal Most Foul Main Advantage Professional Mechanic Revolutionary Research Tank Life This Is My Hole Challenges ------------ None Game ------ Seed SurveybotHardcellArchive Manual? 0 Play Time 03:52:37 Cumulative 39.3 hours Start 2025.11.18 @ 22:37:50 End 2025.11.21 @ 15:25:02 Sessions 17 Manual Loads 0 Difficulty Rogue Special Mode None Game No. 21 Rogue 21 Adventurer 0 Explorer 0 Win Type - Total 2 Types 0/1/1/0/0/0/0/0/0/0 Lore% 20 Gallery% 41 Achievement% 44 Wizard Run 0 Options --------- Layout 1 ASCII 0 Keyboard 0 Movement Arrows Keybinds 0 Fullscreen 2 Font 20/Terminus Map View 55x45 Zoom Use 0% Tactical HUD 1 Map Filters NONE Filters NONE Steam 0 RUN: d9b56299-6cee-4307-b445-f07f4ccdae03